Map: Eternal Empire LE

Players

PiG

  • Race: Protoss Protoss
  • League: Grandmaster
  • Spawn Location: 1:00

Rob - Winner!

  • Race: Protoss Protoss
  • League: Grandmaster
  • Spawn Location: 7:00

VOD

https://youtu.be/YxqXx560flY?si=Y6vUfN_0s1PyC16j

Description

Time

  • Played on: Dec. 5, 2019, 5:41 p.m.
  • Length: 12:45
Show
View Real Time Build Order
Export as new Build Order

PiG Protoss 

Build Orders:  

Get SALT Encoding   

  12  0:02  Probe  
  13  0:14  Probe  
  13  0:18  Pylon  
  14  0:26  Probe  
  15  0:36  Gateway  
  15  0:38  Probe (Chrono Boost)  
  16  0:44  Assimilator  
  16  0:48  Probe (Chrono Boost)  
  17  0:54  Probe  
  18  0:57  Assimilator  
  18  1:06  Probe  
  19  1:14  Gateway  
  19  1:18  Probe  
  19  1:23  Cybernetics Core  
  20  1:30  Probe  
  21  1:41  Pylon  
  21  1:49  Probe  
  22  1:57  Pylon  
  22  1:59  Robotics Facility  
  24  2:09  Warp Gate (Chrono Boost)  
  24  2:10  Stalker  
  24  2:12  Probe  
  25  2:20  Stalker  
  27  2:24  Probe  
  28  2:40  Stalker  
  30  2:45  Immortal (Chrono Boost)  
  34  3:01  Gateway  
  34  3:17  Warp Prism (Chrono Boost)  
  34  3:21  Pylon  
  36  3:46  Shield Battery  
  36  3:57  Stalker x3  
  36  4:01  Probe  
  43  4:20  Probe  
  43  4:22  Pylon  
  44  4:24  Stargate  
  44  4:28  Zealot  
  46  4:42  Probe  
  46  4:44  Sentry  
  49  4:52  Stalker  
  50  5:22  Void Ray (Chrono Boost)  
  50  5:26  Probe  
  55  5:31  Nexus  
  55  5:33  Pylon  
  55  5:54  Immortal (Chrono Boost)  
  59  5:58  Void Ray  
  63  6:13  Pylon  
  63  6:30  Fleet Beacon  
  63  6:31  Probe  
  64  6:46  Probe  
  65  6:51  Probe  
  65  6:53  Assimilator  
  66  6:58  Probe  
  66  6:59  Assimilator  
  67  7:14  Stalker  
  67  7:15  Stalker x2  
  71  7:35  Probe x2  
  71  7:36  Pylon, Tempest (Chrono Boost)  
  73  7:39  Pylon  
  78  8:09  Tempest (Chrono Boost)  
  78  8:12  Observer (Chrono Boost)  
  84  8:19  Probe x2  
  86  8:22  Pylon  
  86  8:24  Pylon  
  86  8:25  Pylon, Observer (Chrono Boost)  
  86  8:26  Stargate  
  87  8:32  Observer  
  87  8:35  Protoss Air Weapons Level 1 (Chrono Boost)  
  87  8:38  Sentry  
  87  8:40  Zealot x2  
  93  8:46  Pylon  
  93  9:05  Zealot  
  93  9:06  Zealot  
  93  9:21  Observer  
  93  9:27  Observer  
  93  9:31  Carrier (Chrono Boost)  
  93  9:32  Carrier (Chrono Boost)  
  97  10:10  Nexus  
  97  10:13  Probe x2, Assimilator  
  99  10:17  Assimilator, Immortal  
  103  10:34  Probe  
  104  10:37  Probe  
  104  10:38  Pylon  
  105  10:47  Probe  
  108  11:03  Carrier (Chrono Boost)  
  98  11:09  Zealot  
  98  11:10  Zealot x2  
  100  11:19  Observer  
  100  11:24  Carrier (Chrono Boost)  
  104  11:35  Zealot x2  
  104  11:39  Sentry  
  57  12:08  Zealot x3  
Show
View Real Time Build Order
Export as new Build Order

Rob Protoss - Winner!

Build Orders:  

Get SALT Encoding   

  12  0:00  Probe  
  13  0:13  Probe  
  14  0:18  Pylon  
  14  0:25  Probe (Chrono Boost)  
  15  0:37  Probe (Chrono Boost)  
  15  0:38  Gateway  
  16  0:45  Probe (Chrono Boost)  
  16  0:47  Assimilator  
  17  0:51  Probe  
  17  0:55  Assimilator  
  18  1:03  Probe (Chrono Boost)  
  19  1:10  Gateway  
  19  1:13  Probe (Chrono Boost)  
  20  1:21  Probe  
  21  1:26  Cybernetics Core  
  21  1:33  Probe  
  21  1:37  Pylon  
  22  1:45  Probe  
  23  1:57  Probe  
  24  2:03  Stalker x2  
  24  2:07  Warp Gate  
  28  2:09  Probe  
  29  2:18  Pylon  
  29  2:24  Probe  
  30  2:36  Stalker x2  
  34  2:38  Probe  
  35  2:45  Pylon  
  35  2:49  Shield Battery  
  35  2:54  Probe  
  36  3:06  Probe  
  37  3:18  Stalker (Chrono Boost), Robotics Facility  
  37  3:19  Stalker (Chrono Boost)  
  38  3:35  Shield Battery  
  38  3:55  Pylon  
  38  4:01  Pylon  
  38  4:10  Immortal (Chrono Boost)  
  38  4:13  Stalker x2  
  44  4:18  Gateway  
  44  4:32  Robotics Bay  
  44  4:42  Immortal  
  48  5:11  Stalker x2  
  50  5:14  Gateway  
  50  5:21  Pylon  
  50  5:25  Gravitic Drive  
  50  5:30  Pylon  
  50  5:38  Disruptor (Chrono Boost)  
  51  5:50  Stalker x2  
  55  6:02  Pylon  
  55  6:10  Warp Prism (Chrono Boost)  
  55  6:12  Stalker  
  55  6:15  Stalker  
  61  6:23  Stalker  
  60  6:38  Stalker x2  
  64  6:47  Disruptor  
  67  7:05  Nexus  
  67  7:14  Pylon  
  65  7:31  Disruptor  
  65  7:32  Stalker  
  66  7:54  Twilight Council  
  66  8:01  Probe  
  67  8:10  Disruptor (Chrono Boost)  
  68  8:28  Stalker  
  68  8:31  Stalker  
  68  8:33  Probe  
  73  8:35  Probe  
  73  8:40  Assimilator  
  74  8:45  Probe, Assimilator  
  75  8:49  Probe  
  75  8:54  Stalker  
  78  9:03  Probe x2, Blink (Chrono Boost)  
  78  9:15  Probe x2  
  80  9:20  Stalker  
  80  9:26  Stalker  
  82  9:32  Stalker  
  84  9:42  Pylon  
  84  9:43  Pylon  
  84  9:47  Stalker  
  84  9:50  Zealot  
  86  10:09  Stalker  
  86  10:13  Stalker x2, Forge  
  92  10:18  Disruptor  
  95  10:33  Pylon  
  95  10:34  Stalker  
  97  10:37  Stalker  
  97  10:38  Stalker  
  101  10:54  Observer  
  102  11:01  Stalker  
  102  11:02  Stalker x2  
  106  11:25  Stalker x2  
  106  11:26  Stalker  
  87  11:59  Stalker x3  
  87  12:01  Probe x2  
  84  12:13  Probe x2  
  86  12:24  Stalker x2  
  86  12:25  Stalker  
  86  12:28  Nexus  
  86  12:29  Pylon  
  92  12:30  Probe x2  
  94  12:43  Templar Archives  
Tags
 
Add a new tag
Caveats
  • Supply blocks, unpowered buildings, or Contaminate may cause inaccurate times.
  • Supply counts are checked every 10 seconds.